 Dungeon Crawl Stone Soup version 0.30-a0-748-ge6a52f7cba (webtiles) character file.

Game seed: 9980877552392606676

382 karrick the Chopper (level 6, -1/58 HPs)
             Began as a Gargoyle Fighter on Feb 9, 2023.
             Slain by Natasha (5 damage)
             ... while paralysed by Grinder
             ... on level 3 of the Dungeon.
             The game lasted 00:04:52 (3579 turns).

karrick the Chopper (Gargoyle Fighter)              Turns: 3579, Time: 00:04:53

Health: -1/58      AC: 11    Str: 20    XL:     6   Next: 76%
Magic:  6/6        EV:  2    Int:  8    God:
Gold:   271        SH:  0    Dex: 11    Spells: 5/5 levels left

rFire   . . .      SeeInvis .    a - +0 war axe
rCold   . . .      Faith    .    c - +0 buckler
rNeg    + + .      Spirit   .    b - +0 scale mail
rPois   ∞          Reflect  .    (no helmet)
rElec   +          Harm     .    (no cloak)
rCorr   +          Rampage  .    (no gloves)
Will    .....                    (no boots) Stlth
                                 h - amulet of regeneration
HPRegen 1.09/turn                n - ring of resist corrosion
MPRegen 0.10/turn                q - ring of positive energy

@: paralysed, mighty, berserking (expiring)
A: sickness immunity, AC +4, negative energy resistance 1, electricity
resistance, torment resistance 1, petrification resistance
a: no special abilities


You were on level 3 of the Dungeon.
You visited 1 branch of the dungeon, and saw 4 of its levels.

You collected 271 gold pieces.

Inventory:

Hand Weapons
 a - a +0 war axe (weapon)
Armour
 b - a +0 scale mail (worn)
 c - a +0 buckler (worn)
Jewellery
 e - a ring of magical power
 h - an amulet of regeneration (around neck)
 n - a ring of resist corrosion (left hand)
 q - a ring of positive energy (right hand)
Wands
 v - a wand of flame (11)
Scrolls
 j - 2 scrolls of teleportation
 k - 2 scrolls of blinking
 l - 2 scrolls of noise {unknown}
 m - a scroll of enchant armour {unknown}
 p - a scroll of fear {unknown}
 u - a scroll of poison {unknown}
Potions
 f - 2 potions of berserk rage
 g - a potion of invisibility {unknown}
 i - a potion of flight {unknown}
 o - a potion of ambrosia {unknown}
 r - a potion of brilliance {unknown}
 s - a potion of curing {unknown}
 t - a potion of cancellation {unknown}
 w - a potion of heal wounds {unknown}


   Skills:
 + Level 4.3 Fighting
 + Level 4.6 Axes
 + Level 4.5 Armour
 + Level 0.4 Stealth
 + Level 4.3 Shields


You had 5 spell levels left.
You didn't know any spells.
Your spell library contained the following spells:

 Spells                   Type           Power      Damage    Failure   Level
 Apportation              Tloc           0%         N/A       83%         1
 Sting                    Tmut/Pois      0%         1d3       83%         1
 Poisonous Vapours        Pois/Air       0%         N/A       93%         2
 Mephitic Cloud           Conj/Pois/Air  0%         N/A       99%         3
 Olgreb's Toxic Radiance  Pois           0%         N/A       100%        4
 Alistair's Intoxication  Tmut/Pois      0%         N/A       100%        5
 Cigotuvi's Dreadful Rot  Necr/Pois/Air  Unusable   N/A       N/A         2

Dungeon Overview and Level Annotations

Branches:
Dungeon (4/15)
 Temple: D:4-7

Altars:

Shops:
D:4 =

Annotations:
D:3 Grinder, Natasha


Innate Abilities, Weirdness & Mutations

You are immune to sickness and miasma.
Your stone body is resilient. (AC +4)
You are immune to poison.
You resist negative energy. (rN+)
You are resistant to electric shocks. (rElec)
You are resistant to unholy torment.
You are immune to petrification.


Message History

You are too injured to fight recklessly!
You are too injured to fight recklessly!
You are too injured to fight recklessly!
You are too injured to fight recklessly!
You are too injured to fight recklessly!
You are too injured to fight recklessly!
You are too injured to fight recklessly!
You feel very mighty all of a sudden. You block Natasha's attack.
Grinder hits you.
You closely miss Grinder. You closely miss Natasha.
Natasha casts a spell at you. The magic dart hits you.
Grinder closely misses you.
You slice Grinder!!
Grinder is heavily wounded.
You barely miss Natasha. Natasha claws you. Grinder hits you.
* * * LOW HITPOINT WARNING * * *
You writhe in agony.
* * * LOW HITPOINT WARNING * * *
It was a potion of berserk rage.
A red film seems to cover your vision as you go berserk!
You feel yourself moving faster!
You feel mighty! Natasha claws you.
* * * LOW HITPOINT WARNING * * *
Grinder hits you but does no damage.
You slash Grinder!
Grinder is almost dead.
You barely miss Natasha.
Natasha mumbles some strange words.
Grinder gestures at you.
You suddenly lose the ability to move!
Natasha claws you but does no damage. Grinder gestures at you.
Pain shoots through your body!
* * * LOW HITPOINT WARNING * * *
Natasha wildly gestures.
Natasha glows brightly for a moment.
Natasha barely misses you. Grinder hits you.
* * * LOW HITPOINT WARNING * * *
The shadow imp hits you.
* * * LOW HITPOINT WARNING * * *
Natasha claws you.
You die...

###.......#.####..
####......<........
##.............###..
#######..######..#.#<.....
#.....#.....####.#.#####..
......!......###...# ###
..............###### #
.........5....# #
.........@h..$# #
..!......5.>..... #
.................
............>....
.............#...
.....#.....##...
#########.. .. ###


You could see Grinder, Natasha and a shadow imp (summoned).

Vanquished Creatures
  A bullfrog (D:4)
  A necrophage (D:4)
  A scorpion (D:2)
  A hound (D:4)
  Natasha (D:3)
  3 gnolls (D:4)
  4 adders
  2 worms (D:2)
  2 dart slugs
  A ball python (D:2)
  8 endoplasms
  A giant cockroach (D:2)
  5 goblins
  8 hobgoblins
  11 jackals
  A quokka (D:1)
  5 bats
  A frilled lizard (D:3)
  8 kobolds
  4 rats
69 creatures vanquished.

Vanquished Creatures (others)
  3 fungi (D:1)
3 creatures vanquished.

Grand Total: 72 creatures vanquished

Notes
Turn   | Place    | Note
-------+----------+-------------------------------------------
     0 | D:1      | karrick the Gargoyle Fighter began the quest for the Orb.
     0 | D:1      | Reached XP level 1. HP: 14/14 MP: 1/1
   116 | D:1      | Reached XP level 2. HP: 14/19 MP: 2/2
   334 | D:1      | Found a faded altar of an unknown god.
  1379 | D:2      | Reached XP level 3. HP: 23/24 MP: 3/3
  1405 | D:2      | Noticed a scorpion
  1409 | D:2      | Killed a scorpion
  1410 | D:2      | Reached XP level 4. HP: 29/29 MP: 4/4
  1918 | D:2      | Reached XP level 5. HP: 31/33 MP: 5/5
  2388 | D:3      | Noticed Natasha
  2398 | D:3      | Killed Natasha
  2424 | D:3      | You fall into a shaft and drop 1 floor!
  2446 | D:4      | Found Xicro's Jewellery Boutique.
  2606 | D:4      | Reached XP level 6. HP: 24/38 MP: 6/6
  3561 | D:3      | Noticed Grinder
  3562 | D:3      | Noticed Natasha
  3576 | D:3      | Paralysed by Grinder for 5 turns
  3579 | D:3      | Slain by Natasha

Illustrated notes

Levels and vault maps discovered:
D:1:      amcnicky_arrival_single_pillar, layout_rooms,
          shapermc_ecumenical_altar_petra
D:2:      layout_loops_corners
D:3:      layout_rooms, uniq_natasha, uniq_grinder
D:4:      layout_basic, serial_shops, nicolae_inconvenience_store,
          chequers_ossuary_entry_cave

Skill      XL: |  1  2  3  4  5 |
---------------+----------------+-----
Axes           | 2 3 4 |  4.6
Shields        | 4 |  4.3
Fighting       | 4 |  4.3
Armour         | 4 |  4.5
Stealth        | |  0.4

Action                     |  1- 3 |  4- 6 || total
---------------------------+-------+-------++-------
  Melee: War axe           |    58 |   162 ||   220
    Use: Scroll            |       |     2 ||     2
         Potion            |       |     2 ||     2
 Armour: Scale mail        |    24 |    99 ||   123
  Dodge: Dodged            |    28 |    83 ||   111
  Block: Buckler           |    14 |    41 ||    55

Table legend: (Time is in decaauts)
 A = Elapsed time spent in this place.
 B = Non-inter-level travel time spent in this place.
 C = Inter-level travel time spent in this place.
 D = Time resting spent in this place.
 E = Time spent auto-exploring this place.
 F = Levels seen in this place.
 G = Mean time per level.
                   A        B        C        D        E       F      G
               +--------+--------+--------+--------+--------+-----+--------+
         Total |   3660 |   3593 |     67 |    700 |   2112 |   4 |  915.0 |
       Dungeon |   3660 |   3593 |     67 |    700 |   2112 |   4 |  915.0 |
               +--------+--------+--------+--------+--------+-----+--------+

Top non-repeatable levels by time:
     D:1: 1329 daAuts
     D:4: 1035 daAuts
     D:2: 936 daAuts
     D:3: 359 daAuts
